 Dungeon Crawl Stone Soup version 0.23.2-40-g277498a001 (webtiles) character file.

Game seed: 9937160973420592284

9312 Nivan the Destroyer (level 11, -9/65 HPs)
             Began as a Pale Draconian Conjurer on Oct 22, 2019.
             Was a Believer of Vehumet.
             Killed by divine providence
             ... invoked by a smoke demon
              (10 damage)
             ... on level 3 of the Abyss.
             The game lasted 01:04:21 (14760 turns).

Nivan the Destroyer (Pale Draconian Conjurer)      Turns: 14760, Time: 01:04:22

Health: -9/65      AC: 11    Str: 10      XL:     11   Next: 21%
Magic:  0/29       EV: 16    Int: 18 (19) God:    Vehumet [**....]
Gold:   577        SH:  0    Dex: 16      Spells: 19/30 levels left

rFire    . . .     SeeInvis .   r - staff of air
rCold    . . .     Gourm    .   (no shield)
rNeg     . . .     Faith    .   (armour unavailable)
rPois    +         Spirit   +   (helmet restricted)
rElec    +         Reflect  .   p - +0 cloak
rCorr    .         Harm     .   a - +2 pair of gloves
MR       .....                  (no boots)
Stlth    +++.......             t - amulet of the Seven Wonders {Spirit +Blink rPois MP+9 Dex+4}
HPRegen  0.00/turn              (no ring)
MPRegen  0.21/turn              (no ring)

@: short of breath, non-regenerating, badly diseased
A: breathe steam, unfitting armour, [deterioration 2], [frail 2], [low mp 2],
cold-blooded, AC +7
a: Breathe Steam, Renounce Religion, Evoke Blink


You were on level 3 of the Abyss.
You worshipped Vehumet.
Vehumet was pleased with you.
You were not hungry.

You visited 2 branches of the dungeon, and saw 11 of its levels.
You visited the Abyss 1 time.
You also visited: Ossuary.

You collected 577 gold pieces.

Inventory:

Hand Weapons
 o - a +0 quarterstaff
Armour
 a - a +2 pair of gloves (worn)
 p - a +0 cloak (worn)
Magical Staves
 r - an uncursed staff of air (weapon)
Jewellery
 g - an uncursed amulet of the acrobat
 t - the amulet of the Seven Wonders (around neck) {Spirit +Blink rPois MP+9 Dex+4}
   (You found it on level 6 of the Dungeon)

   [amulet of guardian spirit]

   It causes incoming damage to be split between your health and magic.
   It affects your dexterity (+4).
   It protects you from poison.
   It affects your magic capacity (+9).
   It lets you blink.
Wands
 q - a wand of acid (12)
 B - a wand of random effects (22)
 E - a wand of disintegration (11)
 H - a wand of iceblast (9)
Scrolls
 c - 4 scrolls of fear
 d - 3 scrolls of fog
 f - 2 scrolls of enchant weapon
 i - 4 scrolls of remove curse
 s - 3 scrolls of amnesia
 u - a scroll of torment {unknown}
 v - a scroll of teleportation
 y - a scroll of noise {unknown}
 C - a scroll of identify
 D - a scroll of magic mapping
 F - 3 scrolls of enchant armour {unknown}
 G - a scroll of acquirement {unknown}
Potions
 e - 4 potions of flight
 h - 2 potions of haste {unknown}
 j - a potion of magic {unknown}
 k - 2 potions of brilliance {unknown}
 l - a potion of mutation {unknown}
 m - 3 potions of degeneration {unknown}
 n - a potion of invisibility {unknown}
 w - 2 potions of might {unknown}
 x - a potion of ambrosia {unknown}
 z - a potion of curing
 A - a potion of agility {unknown}
Comestibles
 b - 13 rations


   Skills:
 + Level 3.4 Fighting
 + Level 2.5 Staves
 + Level 5.7 Dodging
 + Level 3.5 Stealth
 + Level 10.4 Spellcasting
 + Level 11.4 Conjurations
 + Level 0.9 Translocations


You had 19 spell levels left.
You knew the following spells:

 Your Spells              Type           Power        Failure   Level  Hunger
a - Magic Dart            Conj           ####         1%          1    None
b - Searing Ray           Conj           ######       1%          2    None
c - Iskenderun's Mystic   Conj           ######..     1%          4    ###....
d - Force Lance           Conj/Tloc      ####....     6%          4    ###....

Your spell library contained the following spells:

 Spells                   Type           Power        Failure   Level  Hunger
 Throw Frost              Conj/Ice       ####..       1%          2    None
 Dazzling Spray           Conj/Hex       ####..       2%          3    None
 Fulminant Prism          Conj/Hex       ####......   7%          4    ###....


Dungeon Overview and Level Annotations

Branches:
Dungeon (10/15)            Temple (1/1) D:7            Lair (0/6) D:8
    Orc: D:9-12

Altars:
Ashenzari
Cheibriados
Dithmenos
Elyvilon
Fedhas
Gozag
Hepliaklqana
Kikubaaqudgha
Makhleb
Nemelex Xobeh
Okawaru
Qazlal
Ru
Sif Muna
Trog
Vehumet
Wu Jian
Xom
Yredelemnul
Zin
The Shining One

Shops:
D:4 =

Annotations:
D:10 Sonja


Innate Abilities, Weirdness & Mutations

You can breathe blasts of scalding, opaque steam.
Your pale cyan-grey scales are hard. (AC +7)
You cannot fit into any form of body armour.
You are cold-blooded and may be slowed by cold attacks.
[Your body often deteriorates upon taking damage.]
[You are very frail. (-20% HP)]
[Your magical capacity is very low. (-20% MP)]


Message History

The smoke demon hits you but does no damage.
You feel ill.
The smoke demon hits you but does no damage. x2
The smoke demon closely misses you.
Press: ? - help, Shift-Dir - straight line, f - efreet
Aim: an efreet, wielding a +0 scimitar of flaming You exhale a blast of scalding steam.
The ball of steam hits the ancient zyme.
The ancient zyme is lightly damaged.
The ball of steam hits the smoke demon.
The smoke demon resists.
The smoke demon is lightly wounded.
You feel slightly more hungry.
The ancient zyme is engulfed in a cloud of scalding steam.
The ancient zyme closely misses you. The ancient zyme hits you!
* * * LOW HITPOINT WARNING * * *
The ancient zyme is engulfed in a cloud of scalding steam.
You feel ill. The smoke demon gestures at you. Something smites you!
You die...

...###.. ##...#
....#...§.#°☼.○
..
......2..○..○
..X ..#X .
R#.....#.
##...###...#..
##○## #######
#°#####......
#.X3.x..#
#.####@## ....
#....# #####
#...#...# ##.##
.. .. ... ...
####


You could see an ancient zyme, a large abomination and a smoke demon.

Vanquished Creatures
  An oklob plant (D:6)
  A komodo dragon (D:9)
  A hippogriff (D:7)
  Sigmund (D:4)
  16 yaks
  Eustachio (D:4)
  A hungry ghost (D:6)
  A steam dragon (D:8)
  A water moccasin (D:8)
  5 porcupines (D:8)
  2 orc warriors
  2 phantoms
  3 ice beasts
  2 necrophages
  A black bear (D:7)
  4 sky beasts
  2 centaurs
  2 ogres
  A crocodile (D:8)
  A big kobold (D:8)
  6 bullfrogs
  3 water moccasin zombies (Ossuary)
  3 scorpions
  12 killer bees
  5 howler monkeys
  A bullfrog zombie (D:8)
  A jelly (D:9)
  3 hounds
  15 orc priests
  9 orc wizards
  A bullfrog skeleton (D:6)
  A centaur skeleton (D:9)
  5 iguanas
  10 worker ants
  3 big kobold zombies (Ossuary)
  2 mummies (Ossuary)
  A howler monkey zombie (D:9)
  4 worker ant zombies
  13 gnolls
  13 adders
  4 shadow imps
  A white imp (Abyss:2)
  An ooze (D:2)
  4 adder zombies (Ossuary)
  3 adder skeletons
  2 worms (D:2)
  2 dart slugs
  2 leopard geckos
  38 orcs
  8 giant cockroaches
  A gnoll zombie (Ossuary)
  8 hobgoblins
  14 jackals
  3 quokkas
  A ball python (D:3)
  6 bats
  7 frilled lizards
  5 goblins
  4 hobgoblin zombies (Ossuary)
  14 kobolds
  5 kobold zombies (Ossuary)
  A leopard gecko zombie (D:5)
  4 orc zombies (Ossuary)
  2 quokka zombies (D:6)
  12 rats
  2 plants (D:6)
314 creatures vanquished.

Vanquished Creatures (others)
  22 fungi (D:8)
  4 starspawn tentacles (Abyss:2)
26 creatures vanquished.

Grand Total: 340 creatures vanquished

Notes
Turn   | Place    | Note
-------+----------+-------------------------------------------
     0 | D:1      | Nivan the Draconian Conjurer began the quest for the Orb.
     0 | D:1      | Reached XP level 1. HP: 14/14 MP: 3/3
   465 | D:1      | Reached XP level 2. HP: 20/20 MP: 0/5
  1206 | D:2      | Found a shattered altar of Ashenzari.
  1221 | D:2      | Reached XP level 3. HP: 21/26 MP: 0/6
  1828 | D:2      | Noticed a moth of wrath
  1889 | D:2      | Found a bloodstained altar of Trog.
  2041 | D:1      | Reached skill level 5 in Conjurations
  2041 | D:1      | Reached XP level 4. HP: 17/33 MP: 1/8
  2832 | D:3      | Reached XP level 5. HP: 34/39 MP: 0/9
  3498 | D:4      | Noticed Sigmund
  3576 | D:3      | Learned a level 2 spell: Searing Ray
  3585 | D:4      | Killed Sigmund
  3585 | D:4      | Reached skill level 1 in Fighting
  3585 | D:4      | Reached skill level 6 in Conjurations
  3585 | D:4      | Reached XP level 6. HP: 44/47 MP: 1/12
  3804 | D:4      | Found a shimmering altar of Xom.
  3967 | D:4      | Found Rudad's Jewellery Emporium.
  4364 | D:4      | Noticed Eustachio
  4619 | D:4      | Killed Eustachio
  4619 | D:4      | Your scales start taking on a pale cyan-grey colour.
  4619 | D:4      | Reached XP level 7. HP: 43/52 MP: 4/13
  4917 | D:4      | Found a snail-covered altar of Cheibriados.
  4917 | D:4      | Found a glowing silver altar of Zin.
  4926 | D:4      | Found a faded altar of an unknown god.
  4928 | D:4      | Found a faded altar of an unknown god.
  4929 | D:4      | Found a glowing golden altar of the Shining One.
  5002 | D:4      | Reached skill level 5 in Spellcasting
  5268 | D:4      | Found an iron altar of Okawaru.
  5490 | D:5      | Entered Level 5 of the Dungeon
  5575 | D:5      | Reached skill level 7 in Conjurations
  5708 | D:5      | Reached XP level 8. HP: 47/59 MP: 4/16
  6064 | D:5      | Found a sacrificial altar of Ru.
  6412 | D:5      | Found a shadowy altar of Dithmenos.
  6571 | D:5      | HP: 1/59 [orc priest/+0 whip (5)]
  6913 | D:6      | Reached skill level 8 in Conjurations
  7170 | D:6      | Reached skill level 1 in Staves
  7326 | D:6      | Reached XP level 9. HP: 64/64 MP: 12/19
  7820 | D:6      | Got an ancient diamond amulet
  7822 | D:6      | Identified the amulet of the Seven Wonders {Spirit +Blink
                  | rPois MP+9 Dex+4} (You found it on level 6 of the Dungeon)
  7910 | D:6      | Found a white marble altar of Elyvilon.
  7910 | D:6      | Noticed an oklob plant
  7940 | D:6      | Learned a level 4 spell: Iskenderun's Mystic Blast
  8366 | D:6      | Killed an oklob plant
  8366 | D:6      | Reached skill level 9 in Conjurations
  8622 | D:6      | You fall through a shaft for 2 floors!
  8846 | D:7      | Found a sand-covered staircase.
  8860 | Ossuary  | Entered an ossuary
  9736 | D:7      | Reached skill level 10 in Conjurations
  9736 | D:7      | Reached XP level 10. HP: 69/73 MP: 19/22
 10118 | D:7      | Found a staircase to the Ecumenical Temple.
 10128 | Temple   | Entered the Ecumenical Temple
 10157 | Temple   | Became a worshipper of Vehumet
 10862 | D:8      | Reached skill level 5 in Dodging
 10964 | D:8      | Found a staircase to the Lair.
 12048 | D:8      | Reached * piety under Vehumet
 12048 | D:8      | Offered knowledge of Sandblast by Vehumet.
 12068 | D:9      | Reached skill level 10 in Spellcasting
 12724 | D:8      | Learned a level 4 spell: Force Lance
 12958 | D:8      | Reached skill level 11 in Conjurations
 12958 | D:8      | Reached XP level 11. HP: 58/82 MP: 15/25
 13684 | D:9      | Offered knowledge of Throw Frost by Vehumet.
 13887 | D:10     | Entered Level 10 of the Dungeon
 13946 | D:10     | Reached ** piety under Vehumet
 14084 | D:10     | Noticed Sonja
 14263 | D:10     | Cast into level 2 of the Abyss (Sonja)
 14326 | Abyss:2  | Noticed a spatial maelstrom
 14339 | Abyss:2  | Noticed a thrashing horror
 14340 | Abyss:2  | Noticed a thrashing horror
 14354 | Abyss:2  | Noticed a wretched star
 14436 | Abyss:2  | Noticed a thrashing horror
 14439 | Abyss:2  | Noticed a tentacled starspawn
 14474 | Abyss:2  | Noticed a spatial maelstrom
 14501 | Abyss:2  | Noticed a starcursed mass
 14531 | Abyss:2  | Noticed a wretched star
 14545 | Abyss:2  | Noticed a tentacled starspawn
 14694 | Abyss:3  | Noticed a spatial maelstrom
 14753 | Abyss:3  | Noticed a green death
 14758 | Abyss:3  | HP: 1/65 [ancient zyme (7)]
 14760 | Abyss:3  | Killed from afar by a smoke demon

Skill      XL: |  1  2  3  4  5  6  7  8  9 10 |
---------------+-------------------------------+-----
Dodging        | 2 3 4 5 |  5.7
Conjurations   | 5 6 7 8 10 11 | 11.4
Spellcasting   | 3 4 5 7 8 10 | 10.4
Stealth        | 2 3 |  3.5
Fighting       | 1 2 3 |  3.4
Staves         | 1 2 |  2.5
Translocations | |  0.9

Action                   |  1- 3 |  4- 6 |  7- 9 | 10-12 || total
-------------------------+-------+-------+-------+-------++-------
Melee: Unarmed           |    34 |    50 |     2 |       ||    86
       Tailslap          |     4 |     1 |     5 |    12 ||    22
       Quarterstaff      |       |       |     2 |       ||     2
       Staff             |       |       |    39 |    73 ||   112
 Cast: Magic Dart        |   104 |   160 |   323 |   271 ||   858
       Searing Ray       |       |     3 |    29 |    30 ||    62
       Iskenderun's Myst |       |       |    30 |    16 ||    46
       Force Lance       |       |       |       |    15 ||    15
 Abil: Breathe Steam     |       |       |     6 |     6 ||    12
       Evoke Blink       |       |       |       |     8 ||     8
  Use: Scroll            |       |       |     7 |     4 ||    11
       Potion            |       |       |       |     1 ||     1
  Eat: Chunk             |     5 |     8 |     9 |    17 ||    39
       Ration            |       |       |     3 |     1 ||     4
Armor: Skin              |    20 |    35 |    69 |   134 ||   258
Dodge: Dodged            |    86 |    87 |   149 |   307 ||   629
